 Dungeon Crawl Stone Soup version 0.29-a0-824-gd827844252 (webtiles) character file.

Game seed: 8927741167045553357

22891 Malachi the Brawler (level 12, -13/113 HPs)
             Began as a Troll Monk on July 10, 2022.
             Was an Elder of Jiyva.
             Mangled by an ice devil (22 damage)
             ... in an ice cave.
             The game lasted 00:20:20 (11550 turns).

Malachi the Brawler (Troll Monk)                   Turns: 11550, Time: 00:20:21

Health: -13/113    AC: 14    Str: 26    XL:     12   Next: 67%
Magic:  9/11       EV: 13    Int:  6    God:    Jiyva [****..]
Gold:   596        SH:  0    Dex: 18    Spells: 11/11 levels left

rFire   + . .      SeeInvis .     - Unarmed
rCold   . . .      Faith    +   (no shield)
rNeg    . . .      Spirit   .   D - +0 swamp dragon scales
rPois   +          Reflect  .   (helmet restricted)
rElec   .          Harm     .   e - scarf {repulsion}
rCorr   +          Rampage  .   (gloves unavailable)
Will    +....                   (boots unavailable)
Stlth   +.........              r - amulet of faith
HPRegen 2.36/turn               p - ring of poison resistance
MPRegen 0.52/turn               s - +6 ring of dexterity

@: calling ooze, slowed, repel missiles, very slow
A: large, unfitting armour, claws 3, regeneration 1, shaggy fur 1, tough skin 1,
iridescent scales 2, fire resistance 1, strong-willed 1, gelatinous body 3,
pseudopods 2, jelly sensing items, MP-powered wands
a: Renounce Religion, Oozemancy, Slimify


You were in an ice cave.
You worshipped Jiyva.
Jiyva was greatly pleased with you.
You visited 3 branches of the dungeon, and saw 14 of its levels.
You also visited: Sewer and Ice Cave.

You collected 771 gold pieces.
You spent 175 gold pieces at shops.

Inventory:

Missiles
 i - 4 javelins (quivered)
 k - 4 atropa-tipped darts
 q - 8 throwing nets
 u - 8 curare-tipped darts
 w - 23 poisoned darts
 G - 3 large rocks
Armour
 a - a +0 cloak
 e - a scarf of repulsion (worn)
 D - +0 swamp dragon scales (worn)
 F - +0 acid dragon scales
 K - a +2 robe of willpower
Jewellery
 p - a ring of poison resistance (left claw)
 r - an amulet of faith (around neck)
 s - a +6 ring of dexterity (right claw)
 I - an amulet of magic regeneration
Wands
 B - a wand of digging (8)
 E - a wand of mindburst (1)
 H - a wand of iceblast (6)
 M - a wand of flame (10)
 O - a wand of paralysis (7)
Scrolls
 f - a scroll of poison
 h - 3 scrolls of teleportation
 m - a scroll of blinking
 n - 2 scrolls of vulnerability {unknown}
 v - a scroll of immolation {unknown}
 y - a scroll of enchant armour {unknown}
 A - 5 scrolls of identify {unknown}
 C - a scroll of fog {unknown}
 J - a scroll of magic mapping
 N - a scroll of fear {unknown}
Potions
 b - a potion of ambrosia
 c - 2 potions of magic {unknown}
 d - 2 potions of resistance {unknown}
 g - 4 potions of attraction {unknown}
 j - 7 potions of lignification {unknown}
 l - a potion of cancellation {unknown}
 o - 6 potions of curing
 t - 3 potions of flight {unknown}
 x - a potion of brilliance {unknown}
 z - 6 potions of mutation {unknown}
 L - 2 potions of haste {unknown}


   Skills:
 + Level 5.9 Fighting
 + Level 5.1 Armour
 - Level 2.5 Dodging
 - Level 1.0 Stealth
 * Level 19.1 Unarmed Combat
 + Level 1.1 Evocations


You had 11 spell levels left.
You didn't know any spells.
Your spell library contained the following spells:

 Spells                   Type           Power      Damage    Failure   Level
 Slow                     Hex            0%         N/A       58%         1
 Sting                    Tmut/Pois      0%         1d3       58%         1
 Blink                    Tloc           0%         N/A       73%         2
 Ensorcelled Hibernation  Hex/Ice        0%         N/A       73%         2
 Passwall                 Tmut/Erth      0%         N/A       73%         2
 Poisonous Vapours        Pois/Air       0%         N/A       73%         2
 Sublimation of Blood     Necr           0%         N/A       73%         2
 Confusing Touch          Hex            0%         N/A       91%         3
 Lesser Beckoning         Tloc           0%         N/A       91%         3
 Portal Projectile        Hex/Tloc       0%         N/A       91%         3
 Swiftness                Air            0%         N/A       91%         3
 Tukima's Dance           Hex            0%         N/A       91%         3
 Vampiric Draining        Necr           0%         2d6       91%         3
 Olgreb's Toxic Radiance  Pois           0%         N/A       100%        4
 Petrify                  Tmut/Erth      0%         N/A       100%        4
 Blade Hands              Tmut           0%         N/A       100%        5
 Irradiate                Conj/Tmut      0%         3d13      100%        5
 Manifold Assault         Tloc           0%         N/A       100%        5
 Haunt                    Necr/Summ      0%         N/A       100%        7
 Borgnjor's Revivificati  Necr           0%         N/A       100%        8


Dungeon Overview and Level Annotations

Branches:
Dungeon (12/15)            Temple (1/1) D:5            Lair (1/6) D:10
    Orc (0/2) D:12          Sewer (visited)           IceCv (1/1)

Altars:
Ashenzari
Cheibriados
Dithmenos
Elyvilon
Fedhas
Gozag
Hepliaklqana
Kikubaaqudgha
Makhleb
Nemelex Xobeh
Okawaru
Qazlal
Ru
Sif Muna
Trog
Uskayaw
Vehumet
Wu Jian
Xom
Yredelemnul
Zin
The Shining One

Shops:
D:2 *   D:4 *   D:5 *   D:8 *   D:10 (   D:11 *   D:12 *


Innate Abilities, Weirdness & Mutations

You are too large for most types of armour.
You have claws for hands.
Your natural rate of healing is unusually fast.
You are covered in fur. (AC +1)
You have tough skin. (AC +1)
You are mostly covered in iridescent scales. (AC +4)
Your flesh is heat resistant. (rF+)
You are strong-willed. (Will+)
Your gelatinous body deflects attacks. (AC +3, EV +3)
Armour fits poorly on your large pseudopods.
You have a small jelly attached to you that senses nearby items.
You expend magic power (3 MP) to strengthen your wands.


Message History

Jiyva alters your body.
Your iridescent scales recede somewhat.
Your body becomes stretchy.
Your body becomes more malleable.
Your body becomes viscous.
You feel resistant to heat.
An anaconda simulacrum and an ice devil come into view.
The anaconda simulacrum grabs you.
The anaconda simulacrum barely misses you.
The anaconda simulacrum constricts you.
Unknown command.
You claw the ice devil! You bludgeon the ice devil.
The ice devil is lightly wounded.
The anaconda simulacrum bites you but does no damage.
The anaconda simulacrum constricts you.
The anaconda simulacrum bites you but does no damage.
The anaconda simulacrum constricts you.
You scratch the anaconda simulacrum but do no damage.
Your claw misses the anaconda simulacrum.
The ice devil hits you! The ice devil freezes you!!
The anaconda simulacrum bites you! The anaconda simulacrum freezes you!
The anaconda simulacrum constricts you.
The ice devil hits you but does no damage.
Activating: Oozemancy (7% risk of failure)
Press: ? - help, Dir - look around, f - activate Slime begins to ooze from the nearby walls!
The walls melt the anaconda simulacrum!
The anaconda simulacrum bites you but does no damage.
The anaconda simulacrum constricts you.
The walls melt the anaconda simulacrum!
The anaconda simulacrum closely misses you.
The anaconda simulacrum constricts you.
The walls burn the ice devil!
The ice devil hits you. The ice devil freezes you!
The walls melt the anaconda simulacrum!
The anaconda simulacrum bites you. The anaconda simulacrum freezes you!!
* * * LOW HITPOINT WARNING * * *
The anaconda simulacrum constricts you.
* * * LOW HITPOINT WARNING * * *
You escape the anaconda simulacrum's grasp.
The ice devil attacks as you move away! The ice devil hits you.
* * * LOW HITPOINT WARNING * * *
The ice devil freezes you!!
You die...

#####
##...##
#..@Z.#
##..#4.#
##...##..#
##...## #.#
##...## ..#
#...## ..#
##..## .#
#..######
..
##.###...##


You could see an ice devil and an anaconda simulacrum.

Vanquished Creatures
  2 boulder beetles (D:8)
  3 hydras
  Harold (D:11)
  An ogre mage (D:11)
  3 two-headed ogres
  The ghost of soberaf the Skirmisher, a novice FoHu of Okawaru (D:10)
  Lodul (D:11)
  An orc knight (D:11)
  Pikel (D:7)
  An ugly thing (D:11)
  A cyclops (D:8)
  Joseph (D:8)
  3 cane toads (Lair:1)
  Maggie (D:7)
  2 unseen horrors
  An efreet (D:11)
  Psyche (D:7)
  A freezing wraith (IceCv)
  A troll (D:8)
  Sigmund (D:2)
  3 wyverns
  A dire elephant simulacrum (IceCv)
  A basilisk (Lair:1)
  4 steam dragons
  21 yaks
  A death yak simulacrum (D:12)
  2 vampire mosquitoes (D:11)
  2 acid dragons (D:8)
  3 water moccasins
  3 ice beasts (D:8)
  5 orc warriors
  3 black bears
  9 ogres
  A sky beast (D:7)
  8 centaurs
  2 lemures (D:7)
  A phantom (D:5)
  5 kobold brigands
  8 bullfrogs
  A necrophage (D:7)
  A two-headed ogre simulacrum (D:12)
  3 scorpions
  4 cane toad simulacra
  9 wights
  An elephant simulacrum (IceCv)
  8 killer bees (D:8)
  2 howler monkeys
  Crazy Yiuf (D:7)
  A hound (D:7)
  4 jellies (Sewer)
  3 orc priests
  2 iguanas
  Terence (D:2)
  4 orc wizards
  5 polar bear simulacra
  5 spriggan simulacra
  3 troll simulacra
  3 river rats (Sewer)
  7 adders
  A shadow imp (D:7)
  2 white imps
  4 ufetubi
  A dart slug (D:1)
  33 orcs
  4 bats
  13 endoplasms
  9 giant cockroaches
  5 goblins
  3 hobgoblins
  8 jackals
  9 quokkas
  8 ball pythons
  20 frilled lizards
  15 kobolds
  4 rats
318 creatures vanquished.

Vanquished Creatures (collateral kills)
  A meliai (D:11)
  A death yak simulacrum (IceCv)
2 creatures vanquished.

Vanquished Creatures (others)
  An acid dragon (D:12)
  An orc warrior (D:8)
  A centaur (D:8)
  2 bullfrogs
  A scorpion (D:6)
  3 killer bees (D:8)
  A howler monkey (D:12)
  29 jellies
  An orc priest (D:7)
  2 hounds
  4 orc wizards
  An ufetubus (D:6)
  9 orcs
  A bush (Lair:1)
  15 fungi
  20 plants
  2 withered plants (D:10)
94 creatures vanquished.

Grand Total: 414 creatures vanquished

Notes
Turn   | Place    | Note
-------+----------+-------------------------------------------
     0 | D:1      | Malachi the Troll Monk began the quest for the Orb.
     0 | D:1      | Reached XP level 1. HP: 22/22 MP: 0/0
     6 | D:1      | Noticed a polar bear
     7 | D:1      | Noticed an anaconda
    30 | D:1      | Found a faded altar of an unknown god.
   149 | D:1      | Reached XP level 2. HP: 29/29 MP: 1/1
   303 | D:1      | Reached XP level 3. HP: 36/36 MP: 2/2
   311 | D:1      | Reached skill level 4 in Unarmed Combat
   649 | D:2      | Found Wolijow's General Store.
  1006 | D:2      | Noticed Sigmund
  1016 | D:2      | Killed Sigmund
  1017 | D:2      | Reached skill level 6 in Unarmed Combat
  1017 | D:2      | Reached XP level 4. HP: 35/44 MP: 3/3
  1017 | D:2      | Reached XP level 5. HP: 39/50 MP: 4/4
  1442 | D:2      | Noticed Terence
  1450 | D:2      | Killed Terence
  2086 | D:3      | Reached XP level 6. HP: 59/59 MP: 5/5
  2124 | D:3      | Reached skill level 7 in Unarmed Combat
  2828 | D:4      | Found a sparkling altar of Nemelex Xobeh.
  2835 | D:4      | Got Buawel's Parchment of Captivating Malignant Magicks
  3185 | D:4      | Found Wiemied's Serpentskin Sales.
  3185 | D:4      | Noticed a water moccasin
  3194 | D:4      | Killed a water moccasin
  3199 | D:4      | Bought 4 curare-tipped darts for 28 gold pieces
  3542 | D:5      | Entered Level 5 of the Dungeon
  3559 | D:5      | Reached XP level 7. HP: 61/66 MP: 6/6
  3611 | D:5      | Found a glowing drain.
  3632 | D:5      | Reached skill level 8 in Unarmed Combat
  3636 | Sewer    | Entered a sewer
  3750 | Sewer    | Found a viscous altar of Jiyva.
  3872 | Sewer    | Became a worshipper of Jiyva Jurotime the Shapeless
  3872 | Sewer    | Reached * piety under Jiyva
  3872 | Sewer    | Reached ** piety under Jiyva
  3927 | D:5      | Reached skill level 9 in Unarmed Combat
  4026 | D:5      | Reached XP level 8. HP: 70/74 MP: 7/7
  4184 | D:5      | Found Gozag's Platinum Reserve.
  4228 | D:5      | Found a staircase to the Ecumenical Temple.
  4293 | D:5      | Found an opulent altar of Gozag.
  4577 | Temple   | Entered the Ecumenical Temple
  5139 | D:6      | Reached skill level 10 in Unarmed Combat
  5515 | D:6      | Found a stormy altar of Qazlal.
  5590 | D:6      | Reached *** piety under Jiyva
  6292 | D:7      | Gained mutation: You are partially covered in iridescent
                  | scales. (AC +2) [Jiyva's grace]
  6292 | D:7      | Gained mutation: You are mostly covered in iridescent
                  | scales. (AC +4) [Jiyva's grace]
  6292 | D:7      | Gained mutation: You are completely covered in iridescent
                  | scales. (AC +6) [Jiyva's grace]
  6292 | D:7      | Gained mutation: You have a small jelly attached to you
                  | that may absorb projectiles. [Jiyva's grace]
  6345 | D:7      | Killed an unseen horror
  6346 | D:7      | Reached skill level 11 in Unarmed Combat
  6402 | D:7      | Reached **** piety under Jiyva
  6423 | D:7      | Noticed Pikel
  6462 | D:7      | Killed Pikel
  6463 | D:7      | Reached skill level 12 in Unarmed Combat
  6463 | D:7      | Reached XP level 9. HP: 78/83 MP: 8/8
  6531 | D:7      | Noticed a two-headed ogre
  6543 | D:7      | Killed a two-headed ogre
  6544 | D:7      | Reached skill level 13 in Unarmed Combat
  6642 | D:7      | Found a shimmering altar of Xom.
  6686 | D:7      | Found a runed translucent door.
  6687 | D:7      | Noticed Crazy Yiuf
  6718 | D:7      | Noticed Maggie
  6738 | D:7      | Killed Maggie
  6739 | D:7      | Reached skill level 14 in Unarmed Combat
  6955 | D:7      | Killed Crazy Yiuf
  7007 | D:8      | Reached XP level 10. HP: 85/91 MP: 9/9
  7031 | D:8      | Noticed Psyche
  7079 | D:7      | Killed Psyche
  7183 | D:8      | Reached skill level 1 in Armour
  7209 | D:8      | Noticed Joseph
  7222 | D:8      | Killed Joseph
  7251 | D:8      | Found Cusyatz's General Store.
  7312 | D:8      | Noticed a boulder beetle
  7321 | D:8      | Killed a boulder beetle
  7322 | D:8      | Reached skill level 15 in Unarmed Combat
  7327 | D:8      | Noticed a two-headed ogre
  7336 | D:8      | Killed a two-headed ogre
  7389 | D:8      | Noticed a two-headed ogre
  7405 | D:8      | Killed a two-headed ogre
  7406 | D:8      | Reached skill level 16 in Unarmed Combat
  7406 | D:8      | Reached XP level 11. HP: 70/101 MP: 10/10
  7772 | D:8      | Noticed a boulder beetle
  7787 | D:8      | Killed a boulder beetle
  8079 | D:9      | Lost mutation: You are completely covered in iridescent
                  | scales. (AC +6) [Jiyva's grace]
  8079 | D:9      | Gained mutation: Armour fits poorly on your pseudopods.
                  | [Jiyva's grace]
  8079 | D:9      | Gained mutation: Armour fits poorly on your large
                  | pseudopods. [Jiyva's grace]
  8079 | D:9      | Gained mutation: Armour fits poorly on your massive
                  | pseudopods. [Jiyva's grace]
  8079 | D:9      | Gained mutation: You expend magic power (3 MP) to
                  | strengthen your wands. [Jiyva's grace]
  8500 | D:10     | Entered Level 10 of the Dungeon
  8515 | D:10     | Found a staircase to the Lair.
  8532 | D:10     | Reached skill level 17 in Unarmed Combat
  8539 | D:10     | Reached skill level 5 in Fighting
  8557 | D:10     | Found a hide-covered altar of Uskayaw.
  8564 | D:10     | Found Magoaqaf's Weapon Boutique.
  8687 | D:10     | Found a hazy altar of Hepliaklqana.
  8843 | D:10     | Found a runed translucent door.
  8847 | D:10     | Noticed soberaf's ghost (novice FoHu)
  9049 | D:10     | Reached ***** piety under Jiyva
  9092 | D:10     | Killed soberaf's ghost
  9176 | D:11     | Noticed Harold
  9183 | D:11     | Killed Harold
  9377 | D:11     | Noticed a brown ugly thing
  9394 | D:11     | Killed a brown ugly thing
  9574 | D:11     | Noticed a five-headed hydra
  9575 | D:11     | Lost mutation: You are mostly covered in iridescent scales.
                  | (AC +4) [Jiyva's grace]
  9575 | D:11     | Lost mutation: Armour fits poorly on your massive
                  | pseudopods. [Jiyva's grace]
  9575 | D:11     | Lost mutation: You have a small jelly attached to you that
                  | may absorb projectiles. [Jiyva's grace]
  9575 | D:11     | Gained mutation: You have a small jelly attached to you
                  | that senses nearby items. [Jiyva's grace]
  9575 | D:11     | Gained mutation: You are mostly covered in iridescent
                  | scales. (AC +4) [Jiyva's grace]
  9575 | D:11     | Gained mutation: You are completely covered in iridescent
                  | scales. (AC +6) [Jiyva's grace]
  9575 | D:11     | Gained mutation: You are strong-willed. (Will+) [Jiyva's
                  | grace]
  9593 | D:11     | Killed a nine-headed hydra
  9594 | D:11     | Reached skill level 18 in Unarmed Combat
  9594 | D:11     | Reached XP level 12. HP: 17/111 MP: 4/11
  9655 | D:11     | Found Olock's Assorted Antiques.
  9659 | D:11     | Bought an orange potion for 27 gold pieces
  9857 | D:11     | Noticed an ogre mage
  9872 | D:11     | Killed an ogre mage
 10323 | Lair:1   | Entered Level 1 of the Lair of Beasts
 10623 | Lair:1   | Noticed a four-headed hydra
 10652 | Lair:1   | Killed an eight-headed hydra
 11177 | D:12     | Noticed Lodul
 11232 | D:11     | Killed Lodul
 11306 | D:12     | Found Qunnybad's Neck Hole.
 11314 | D:12     | Bought a scarf of repulsion for 120 gold pieces
 11347 | D:12     | Found a frozen archway.
 11380 | D:12     | Noticed an eight-headed hydra
 11393 | D:12     | Killed an eight-headed hydra
 11394 | D:12     | Reached skill level 5 in Armour
 11394 | D:12     | Reached skill level 1 in Evocations
 11405 | IceCv    | Entered an ice cave
 11416 | IceCv    | Reached skill level 19 in Unarmed Combat
 11542 | IceCv    | Lost mutation: You are completely covered in iridescent
                  | scales. (AC +6) [Jiyva's grace]
 11542 | IceCv    | Gained mutation: Your rubbery body absorbs attacks. (AC +1,
                  | EV +1) [Jiyva's grace]
 11542 | IceCv    | Gained mutation: Your pliable body absorbs attacks. (AC +2,
                  | EV +2) [Jiyva's grace]
 11542 | IceCv    | Gained mutation: Your gelatinous body deflects attacks. (AC
                  | +3, EV +3) [Jiyva's grace]
 11542 | IceCv    | Gained mutation: Your flesh is heat resistant. (rF+)
                  | [Jiyva's grace]
 11550 | IceCv    | Mangled by an ice devil

Illustrated notes

Levels and vault maps discovered:
D:1:      onia_arrival_zoo_common, layout_loops_cross,
          ebering_ecumenical_altar_box, st_stairs_8, minmay_lizard_pond
D:2:      layout_loops_ring, serial_shops, shop, uniq_terence, uniq_sigmund
D:3:      layout_basic
D:4:      layout_loops_ring, mainiacjoe_overflow_surrounded_room,
          serial_aquarium, aquarium_bridge_straight [aquarium_subvault_bridge,
          aquarium_subvault_wall, aquarium_subvault_bridge,
          aquarium_subvault_window], aquarium_bridge_square
          [aquarium_subvault_wall, aquarium_subvault_balcony,
          aquarium_subvault_balcony, aquarium_subvault_bridge],
          aquarium_window_fake, aquarium_window_1, aquarium_window_1,
          aquarium_view_2e, aquarium_view_2f, guppyfry_shop_venom
D:5:      layout_loops_ring, nicolae_gozag_zags_fifth_avenue,
          minmay_temple_entry_antechambers, portal_sewer_entry_f
D:6:      layout_layer_cave, kennysheep_little_box, grunt_decor_one_mirror
D:7:      layout_rooms, lemuel_doored_altar, st_stairs_5, uniq_pikel,
          uniq_crazy_yiuf_cottage, uniq_maggie
D:8:      minmay_imperfect_grid, layout_basic, serial_shops, shop, uniq_joseph,
          uniq_psyche
D:9:      layout_rooms
D:10:     layout_roguey, mainiacjoe_overflow_small_starburst,
          mainiacjoe_overflow_paths, dpeg_oklobed_lair, serial_shops,
          nicolae_shop_waterfront, gammafunk_ghost_grave, lightli_orcish_oven
D:11:     minmay_bloctagon_deflated, layout_loops_corners, serial_shops, shop,
          uniq_harold
D:12:     layout_rooms, hiddenorc1_lemuel, portal_ice_cave_entry_ice_simulacra,
          nicolae_shop_sticking_my_neck_out, uniq_lodul
Temple:   nicolae_temple_x_marks_the_god
Lair:1:   layout_regular_city
IceCv:    ice_cave_small_necro

Skill      XL: |  1  2  3  4  5  6  7  8  9 10 11 12 |
---------------+-------------------------------------+-----
Unarmed Combat | 6 7 9 12 14 16 18 19 | 19.1
Fighting       | 3 4 5 |  5.9
Armour         | 2 3 5 |  5.1
Evocations     | 1 |  1.1
Dodging        | |  2.5
Stealth        | |  1.0

Action                   |  1- 3 |  4- 6 |  7- 9 | 10-12 || total
-------------------------+-------+-------+-------+-------++-------
Melee: Unarmed           |    80 |    84 |   205 |   387 ||   756
       Punch             |       |     3 |     9 |    32 ||    44
       Pseudopods        |       |       |       |    46 ||    46
Invok: Oozemancy         |       |       |     3 |    10 ||    13
Evoke: Wand              |       |       |     3 |    14 ||    17
  Use: Scroll            |       |     5 |       |     3 ||     8
       Potion            |       |       |       |     3 ||     3
 Stab: Sleeping          |     3 |     4 |     3 |       ||    10
       Distracted        |     1 |       |       |       ||     1
Armor: Robe              |    18 |    22 |    66 |       ||   106
       Swamp dragon scal |       |       |     3 |   189 ||   192
Dodge: Dodged            |    34 |    44 |    92 |   196 ||   366

Table legend: (Time is in decaauts)
 A = Elapsed time spent in this place.
 B = Non-inter-level travel time spent in this place.
 C = Inter-level travel time spent in this place.
 D = Time resting spent in this place.
 E = Time spent auto-exploring this place.
 F = Levels seen in this place.
 G = Mean time per level.
                   A        B        C        D        E       F      G
               +--------+--------+--------+--------+--------+-----+--------+
         Total |  11407 |  10755 |    652 |    925 |   7597 |  16 |  712.9 |
       Dungeon |   9906 |   9259 |    647 |    599 |   6817 |  12 |  825.5 |
        Temple |    350 |    350 |      0 |    284 |     48 |   1 |  350.0 |
          Lair |    736 |    731 |      5 |     11 |    618 |   1 |  736.0 |
         Sewer |    270 |    270 |      0 |      0 |    113 |   1 |  270.0 |
      Ice Cave |    143 |    143 |      0 |     31 |      0 |   1 |  143.0 |
               +--------+--------+--------+--------+--------+-----+--------+

Top non-repeatable levels by time:
     D:6: 1340 daAuts
    D:11: 1229 daAuts
     D:3: 1124 daAuts
     D:8: 980 daAuts
     D:2: 963 daAuts
     D:4: 809 daAuts
     D:5: 804 daAuts
    D:10: 755 daAuts
  Lair:1: 736 daAuts
     D:7: 680 daAuts
     D:1: 628 daAuts
     D:9: 458 daAuts
  Temple: 350 daAuts
   Sewer: 270 daAuts
   IceCv: 143 daAuts
